 Dungeon Crawl Stone Soup version 0.30-a0-1085-g990a428a5c (webtiles) character file.

Game seed: 2856558995395127360

1397 jimonade the Grasshopper (level 8, -1/72 HPs)
             Began as a Naga Warper on Apr 16, 2023.
             Was a Follower of Cheibriados.
             Slain by an iguana (10 damage)
             ... on level 6 of the Dungeon.
             The game lasted 00:11:01 (6518 turns).

jimonade the Grasshopper (Naga Warper)              Turns: 6518, Time: 00:11:01

Health: -1/72      AC:  7    Str: 17    XL:     8   Next: 69%
Magic:  18/20      EV: 10    Int: 15    God:    Cheibriados [*.....]
Gold:   236        SH:  0    Dex: 14    Spells: 7/11 levels left

rFire   . . .      SeeInvis +    a - +0 whip (venom)
rCold   . . .      Faith    .    (no shield)
rNeg    . . .      Spirit   .    B - +0 leather armour {rPois}
rPois   +          Reflect  .    (no helmet)
rElec   .          Rampage  .    (no cloak)
rCorr   +                        F - +2 pair of gloves
Will    +....                    (no barding)
Stlth   ++                       (no amulet)
HPRegen 0.32/turn                p - ring of resist corrosion
MPRegen 0.17/turn                r - ring of magical power

@: very slow
A: AC +2, large, see invisible, deformed body, poison resistance, slowness 2,
spit poison 1, naga tail 1
a: Spit Poison, Renounce Religion, Bend Time


You were on level 6 of the Dungeon.
You worshipped Cheibriados.
Cheibriados was aware of your devotion.
You visited 1 branch of the dungeon, and saw 6 of its levels.

You collected 236 gold pieces.

Inventory:

Hand Weapons
 a - a +0 whip of venom (weapon)
 b - a +0 war axe of electrocution
 j - a +2 flail of protection
 y - a +2 sling of flaming
 H - a +1 vampiric spear
Missiles
 d - 7 boomerangs of dispersal
 v - 4 poisoned darts
Armour
 l - a +0 leather armour
 B - a +0 leather armour of poison resistance (worn)
 F - a +2 pair of gloves (worn)
Magical Staves
 f - a staff of cold
Jewellery
 p - a ring of resist corrosion (left hand)
 r - a ring of magical power (right hand)
Scrolls
 c - a scroll of blinking
 h - 3 scrolls of amnesia {unknown}
 o - 2 scrolls of fog
 w - 3 scrolls of magic mapping
 C - a scroll of teleportation
 E - a scroll of poison {unknown}
 J - 2 scrolls of identify
Potions
 g - a potion of cancellation {unknown}
 m - a potion of lignification {unknown}
 n - a potion of curing {unknown}
 q - a potion of attraction {unknown}
 t - 2 potions of berserk rage
 u - a potion of heal wounds {unknown}
 x - 3 potions of magic
 z - a potion of might {unknown}
 A - 2 potions of mutation
 D - a potion of flight {unknown}
 G - a potion of ambrosia {unknown}
 I - a potion of degeneration {unknown}


   Skills:
 + Level 3.9 Fighting
 + Level 4.0(4.5) Axes
 - Level 3.1(4.1) Maces & Flails
 + Level 1.0 Ranged Weapons
 + Level 1.2 Throwing
 + Level 3.8 Armour
 + Level 3.3 Dodging
 + Level 2.8 Stealth
 + Level 2.2 Spellcasting
 * Level 5.9 Translocations


You had 7 spell levels left.
You knew the following spells:

 Your Spells              Type           Power      Damage    Failure   Level
a - Blink                 Tloc           38%        N/A       3%          2
b - Lesser Beckoning      Tloc           38%        N/A       3%          2

Your spell library contained the following spells:

 Spells                   Type           Power      Damage    Failure   Level
 Teleport Other           Tloc           19%        N/A       7%          3
 Vhi's Electric Charge    Tloc/Air       20%        N/A       22%         3
 Manifold Assault         Tloc           19%        N/A       22%         4
 Stone Arrow              Conj/Erth      2%         3d7       61%         3
 Animate Armour           Summ/Erth      2%         N/A       95%         4
 Lehudib's Crystal Spear  Conj/Erth      0%         10d2      100%        8


Dungeon Overview and Level Annotations

Branches:
Dungeon (6/15)
 Temple: D:4-7

Altars:
Cheibriados
Makhleb
Sif Muna
The Shining One


Innate Abilities, Weirdness & Mutations

Your serpentine skin is tough. (AC +2)
You have supernaturally acute eyesight. (SInv)
Armour fits poorly on your strangely shaped body.
Your system is resistant to poisons. (rPois)
You cover ground very slowly.
You can spit poison.
You have a snake-like lower body.


Message History

* * * LOW HITPOINT WARNING * * *
The black bear closely misses you.
You hit the black bear.
The black bear is almost dead.
The iguana barely misses you.
The black bear bites you but does no damage.
The black bear barely misses you. x2
You hit the black bear but do no damage.
The black bear is almost dead.
The black bear bites you but does no damage.
The black bear barely misses you.
The black bear claws you but does no damage.
The iguana closely misses you.
Okay, then.
Unknown command.
Casting: Blink (safe; 3% risk of failure)
Confirm with . or Enter, or press ? or * to list all spells.
You blink.
Found a grey potion.
You kill the black bear!
Cheibriados appreciates the change of pace.
You hit the iguana but do no damage.
The iguana is lightly wounded.
The iguana barely misses you.
You barely miss the iguana.
The iguana is lightly wounded.
The iguana bites you but does no damage.
You closely miss the iguana.
The iguana is lightly wounded.
The iguana bites you but does no damage.
You hit the iguana.
The iguana is poisoned.
The iguana is moderately wounded.
The iguana closely misses you.
You hit the iguana.
The iguana looks as sick as possible!
The iguana is heavily wounded.
You feel stable enough to blink again.
The iguana bites you but does no damage.
You hit the iguana but do no damage.
The iguana looks as sick as possible!
The iguana is severely wounded.
The iguana bites you!
You die...

######..#######
#.....#..... #.....#
#.....#..... #.....#
#.....#.....
#.....#########.....#.....
#.....##............#.....
#...................#.....
#.....#...).......###.....
#.....##.l.......
########.@.......
#......... ####..#### ....
...... ....! .... ....


You could see an iguana (extremely poisoned).

Vanquished Creatures
  Sigmund (D:5)
  Edmund (D:5)
  A black bear (D:6)
  An ogre (D:5)
  2 centaurs (D:6)
  A bullfrog (D:5)
  4 scorpions
  4 hounds (D:5)
  2 jellies
  An orc priest (D:4)
  2 orc wizards (D:2)
  6 gnolls
  5 adders
  An ufetubus (D:5)
  3 worms
  2 dart slugs
  9 orcs
  5 ball pythons
  8 bats
  15 endoplasms
  5 giant cockroaches
  8 hobgoblins
  10 jackals
  A quokka (D:1)
  6 frilled lizards
  7 goblins
  9 kobolds
  9 rats
129 creatures vanquished.

Notes
Turn   | Place    | Note
-------+----------+-------------------------------------------
     0 | D:1      | jimonade the Naga Warper began the quest for the Orb.
     0 | D:1      | Reached XP level 1. HP: 19/19 MP: 3/3
   225 | D:1      | Reached skill level 1 in Armour
   225 | D:1      | Reached XP level 2. HP: 22/26 MP: 5/5
   296 | D:1      | Found a faded altar of an unknown god.
   484 | D:1      | Reached XP level 3. HP: 22/32 MP: 6/6
  1056 | D:2      | Found a shimmering blue altar of Sif Muna.
  1245 | D:2      | Reached skill level 1 in Ranged Weapons
  1314 | D:2      | Reached XP level 4. HP: 36/39 MP: 7/7
  1485 | D:2      | Reached XP level 5. HP: 17/46 MP: 8/8
  2590 | D:3      | Found a glowing golden altar of the Shining One.
  3698 | D:4      | Reached skill level 4 in Translocations
  3826 | D:4      | Learned a level 2 spell: Blink
  3829 | D:4      | Learned a level 2 spell: Lesser Beckoning
  4409 | D:4      | Found a snail-covered altar of Cheibriados.
  4416 | D:4      | Became a worshipper of Cheibriados the Contemplative
  4512 | D:5      | Entered Level 5 of the Dungeon
  4524 | D:5      | Noticed Sigmund
  4540 | D:5      | Killed Sigmund
  4541 | D:5      | Reached skill level 1 in Axes
  4541 | D:5      | Reached skill level 1 in Stealth
  4541 | D:5      | Reached XP level 6. HP: 33/55 MP: 9/9
  4630 | D:5      | Noticed Edmund
  4649 | D:5      | Killed Edmund
  4650 | D:5      | Reached XP level 7. HP: 12/61 MP: 10/10
  4944 | D:5      | Reached skill level 5 in Translocations
  5195 | D:5      | Reached skill level 1 in Throwing
  5195 | D:5      | Reached XP level 8. HP: 69/69 MP: 11/11
  5738 | D:5      | Reached * piety under Cheibriados
  6477 | D:6      | Found a burning altar of Makhleb.
  6477 | D:6      | Found a shimmering blue altar of Sif Muna.
  6518 | D:6      | Slain by an iguana

Illustrated notes

Levels and vault maps discovered:
D:1:      saegor_arrival_under_anarchy, layout_loops_ring,
          hellmonk_ecumenical_altar_arch_garden
D:2:      layout_loops_ring, basic_altar
D:3:      layout_basic, mainiacjoe_overflow_six_doors_small
D:4:      layout_cave_pools, mainiacjoe_overflow_24_doors, st_stairs_3,
          patterned_corridor
D:5:      layout_loops_ring, sigmund_edmund_badplayer
D:6:      layout_basic, kennysheep_little_box,
          chequers_temple_overflow_statue_of_worship, minmay_temple_entry_ruins

Skill      XL: |  1  2  3  4  5  6  7  8 |
---------------+-------------------------+-----
Armour         | 1 2 3 |  3.8
Ranged Weapons | 1 |  1.0
Maces & Flails | 3 |  3.1
Translocations | 4 5 |  5.9
Dodging        | 2 3 |  3.3
Axes           | 1 2 3 4 |  4.0
Stealth        | 1 2 |  2.8
Fighting       | 3 |  3.9
Throwing       | 1 |  1.2
Spellcasting   | |  2.2

Action                     |  1- 3 |  4- 6 |  7- 9 || total
---------------------------+-------+-------+-------++-------
  Melee: Mace              |   123 |    53 |       ||   176
         Punch             |     1 |     2 |     2 ||     5
         War axe           |       |    71 |    11 ||    82
         Whip              |       |    72 |   164 ||   236
   Fire: Sling             |     4 |       |       ||     4
  Throw: Dart              |       |       |     3 ||     3
   Cast: Blink             |       |       |     2 ||     2
         Lesser Beckoning  |       |       |     2 ||     2
Ability: Spit Poison       |     2 |     1 |    10 ||    13
    Use: Scroll            |       |     6 |       ||     6
   Stab: Sleeping          |       |       |     1 ||     1
 Armour: Leather armour    |    47 |    65 |   105 ||   217
  Dodge: Dodged            |    85 |    94 |   118 ||   297

Table legend: (Time is in decaauts)
 A = Elapsed time spent in this place.
 B = Non-inter-level travel time spent in this place.
 C = Inter-level travel time spent in this place.
 D = Time resting spent in this place.
 E = Time spent auto-exploring this place.
 F = Levels seen in this place.
 G = Mean time per level.
                   A        B        C        D        E       F      G
               +--------+--------+--------+--------+--------+-----+--------+
         Total |   8420 |   8039 |    381 |   1016 |   5436 |   6 | 1403.3 |
       Dungeon |   8420 |   8039 |    381 |   1016 |   5436 |   6 | 1403.3 |
               +--------+--------+--------+--------+--------+-----+--------+

Top non-repeatable levels by time:
     D:5: 1852 daAuts
     D:2: 1812 daAuts
     D:3: 1570 daAuts
     D:1: 1284 daAuts
     D:4: 1075 daAuts
     D:6: 825 daAuts
